 Dungeon Sprint DCSS version 0.21-a0-51-gea492e9 (webtiles) character file.

289 Kidiri the Ruffian (level 6, -6/66 HPs)
             Began as a Troll Monk on June 12, 2017.
             Was a High Priest of Wu Jian.
             Mangled by a flying skull (8 damage)
             ... in the Dungeon (Sprint VII: "The Pits").
             The game lasted 00:03:23 (422 turns).

Kidiri the Ruffian (Troll Monk)                      Turns: 422, Time: 00:03:24

Health: -6/66      AC:  5    Str: 20    XL:     6   Next: 9%
Magic:  5/5        EV: 12    Int:  6    God:    Wu Jian [*****.]
Gold:   0          SH:  0    Dex: 14    Spells: 5/5 levels left

rFire    . . .     SeeInvis .     - Unarmed
rCold    . . .     Gourm    +   (no shield)
rNeg     . . .     Faith    .   a - +0 robe
rPois    .         Spirit   .   (helmet restricted)
rElec    .         Reflect  .   (no cloak)
rCorr    .         Harm     .   (gloves unavailable)
MR       .....     NoTele   +   (boots unavailable)
Stlth    +++.......             (no amulet)
Regen    0.7/turn               (no ring)
MPRegen  0.1/turn               (no ring)

@: no status effects
A: unfitting armour, claws 3, fast metabolism 3, gourmand, regeneration 1,
shaggy fur 1, tough skin 2
a: Serpent's Lash, Heavenly Storm, Renounce Religion


You were in the Dungeon.
You worshipped Wu Jian.
Wu Jian was extremely pleased with you.
You were not hungry.

You visited 1 branch

Inventory:

Armour
 a - a +0 robe (worn)
Scrolls
 h - a scroll of blinking
 k - 3 scrolls of remove curse
 l - 5 scrolls of amnesia
 m - a scroll of summoning
Potions
 c - 6 potions of curing
 e - a potion of haste
 f - 4 potions of magic
 g - 3 potions of berserk rage
 i - 2 potions of heal wounds
 j - 2 potions of invisibility
Comestibles
 b - 9 bread rations
 d - a chunk of flesh
 n - 40 fruits
 o - 7 meat rations


   Skills:
 * Level 5.5 Fighting
 + Level 3.3 Armour
 * Level 5.4 Dodging
 * Level 3.8 Stealth
 * Level 6.8 Unarmed Combat


You had 5 spell levels left.
You didn't know any spells.

Dungeon Overview and Level Annotations

Branches:
Dungeon (1/1)

Altars:
Ashenzari
Cheibriados
Dithmenos
Elyvilon
Fedhas
Gozag
Hepliaklqana
Kikubaaqudgha
Makhleb
Nemelex Xobeh
Okawaru
Qazlal
Ru
Sif Muna
Trog
Uskayaw
Vehumet
Wu Jian
Xom
Yredelemnul
Zin
The Shining One
Beogh
Jiyva
Lugonu


Innate Abilities, Weirdness & Mutations

You are too large for most types of armour.
You have claws for hands.
Your metabolism is lightning-fast.
You like to eat raw meat.
Your natural rate of healing is unusually fast.
You are covered in fur. (AC +1)
You have very tough skin. (AC +2)


Message History

* * * LOW HITPOINT WARNING * * *
The gnoll barely misses you. The flying skull hits you.
* * * LOW HITPOINT WARNING * * *
You spin and attack the gnoll repeatedly.
You scratch the gnoll.
The gnoll is severely wounded.
You claw the gnoll!
You kill the gnoll!
The Council accepts your kill.
You spin and attack the flying skull.
You miss the flying skull.
The flying skull is severely damaged.
The flying skull hits you.
* * * LOW HITPOINT WARNING * * *
Unknown command.
You attack the mummy from above.
You claw the mummy!
The mummy is heavily damaged.
You attack the flying skull from above.
You scratch the flying skull.
The flying skull is almost destroyed.
The flying skull hits you!
You die...

############ #_________.#
#_________.#
#_______...###########++#####
##########+##................
#.?(.+)))+.##......#..#......
##########.##§§..............
#....)......§@§..............
#)#####'#####Mz....#..#......
#[#..#..#[[##................
#z#.)+..#))#####+#####++#####
#g#.÷####))##.......# ++#
#o#..#..#))##.......# ....
#M#..#..#..##.......# .x.k.
#.##+#..#+###...<...# .....#
#.#...%.%..##.......# ...###


You could see a flying skull and a mummy.

Vanquished Creatures
  An ogre (D)
  A gnoll sergeant (D)
  A scorpion (D)
  A worker ant (D)
  4 gnolls (D)
  An adder (D)
  A river rat (D)
  An ufetubus (D)
  3 orcs (D)
  A bat zombie (D)
  A giant cockroach (D)
  A goblin (D)
  A rat (D)
18 creatures vanquished.

Notes
Turn   | Place    | Note
-------+----------+-------------------------------------------
     0 | D        | Kidiri the Troll Monk began the quest for the Orb.
     0 | D        | Reached XP level 1. HP: 22/22 MP: 0/0
    10 | D        | Noticed a rime drake
    10 | D        | Noticed a small abomination
   163 | D        | Found a bloodstained altar of Trog.
   163 | D        | Found a deep blue altar of Sif Muna.
   163 | D        | Found a viscous altar of Jiyva.
   163 | D        | Found a hazy altar of Hepliaklqana.
   163 | D        | Found an opulent altar of Gozag.
   164 | D        | Found a glowing golden altar of the Shining One.
   164 | D        | Found a glowing silver altar of Zin.
   164 | D        | Found a basalt altar of Yredelemnul.
   164 | D        | Found a shimmering altar of Xom.
   164 | D        | Found an ornate altar of the Wu Jian Council.
   164 | D        | Found a sacrificial altar of Ru.
   164 | D        | Found a stormy altar of Qazlal.
   164 | D        | Found an iron altar of Okawaru.
   164 | D        | Found a sparkling altar of Nemelex Xobeh.
   164 | D        | Found a burning altar of Makhleb.
   164 | D        | Found a blossoming altar of Fedhas.
   164 | D        | Found a white marble altar of Elyvilon.
   164 | D        | Found a shadowy altar of Dithmenos.
   164 | D        | Found a snail-covered altar of Cheibriados.
   166 | D        | Found a radiant altar of Vehumet.
   166 | D        | Found a corrupted altar of Lugonu.
   166 | D        | Found a roughly hewn altar of Beogh.
   167 | D        | Found a hide-covered altar of Uskayaw.
   167 | D        | Found an ancient bone altar of Kikubaaqudgha.
   167 | D        | Found a shattered altar of Ashenzari.
   173 | D        | Became a worshipper of the Wu Jian Council
   173 | D        | Reached * piety under Wu Jian
   173 | D        | Reached ** piety under Wu Jian
   193 | D        | Noticed a worker ant
   201 | D        | Killed a worker ant
   201 | D        | Reached skill level 1 in Armour
   201 | D        | Reached skill level 4 in Unarmed Combat
   201 | D        | Reached XP level 2. HP: 10/31 MP: 1/1
   201 | D        | Reached XP level 3. HP: 12/37 MP: 2/2
   283 | D        | Reached *** piety under Wu Jian
   292 | D        | Noticed a scorpion
   299 | D        | Killed a scorpion
   299 | D        | Reached **** piety under Wu Jian
   299 | D        | Reached skill level 5 in Unarmed Combat
   299 | D        | Reached XP level 4. HP: 27/48 MP: 3/3
   353 | D        | Noticed a flying skull
   354 | D        | Noticed a gnoll sergeant
   355 | D        | Noticed an ogre
   379 | D        | Killed an ogre
   379 | D        | Reached skill level 5 in Fighting
   379 | D        | Reached skill level 5 in Dodging
   379 | D        | Reached skill level 6 in Unarmed Combat
   379 | D        | Reached XP level 5. HP: 41/57 MP: 4/4
   392 | D        | Reached XP level 6. HP: 26/66 MP: 5/5
   413 | D        | Reached ***** piety under Wu Jian
   420 | D        | HP: 2/66 [flying skull (5)]
   422 | D        | Mangled by a flying skull

Vault maps used:
D:        pitsprint

Skill      XL: |  1  2  3  4 |
---------------+-------------+-----
Fighting       | 3 4 5 |  5.5
Armour         | 1 2 3 |  3.3
Dodging        | 3 4 5 |  5.4
Stealth        | 2 3 |  3.8
Unarmed Combat | 4 5 6 |  6.8

Action                   |  1- 3 |  4- 6 || total
-------------------------+-------+-------++-------
Melee: Unarmed           |    34 |    41 ||    75
       Punch             |       |     1 ||     1
Invok: Serpent's Lash    |       |     2 ||     2
  Use: Potion            |     1 |     3 ||     4
 Stab: Sleeping          |     1 |       ||     1
  Eat: Chunk             |     2 |       ||     2
Armor: Robe              |    10 |     5 ||    15
Dodge: Dodged            |    22 |    24 ||    46
